 Dungeon Crawl Stone Soup version 0.17-a0-910-ga669010 (webtiles) character file.

3234 hornqvist the Blocker (level 10, -6/70 HPs)
             Began as a Formicid Fighter on May 2, 2015.
             Was an Initiate of Gozag.
             Mangled by Snorg (9 damage)
             ... on level 11 of the Dungeon.
             The game lasted 00:10:06 (6563 turns).

hornqvist the Blocker (Formicid Fighter)            Turns: 6563, Time: 00:10:06

Health: -6/70      AC: 17    Str: 28    XL:     10   Next: 18%
Magic:  10/10      EV: 17    Int:  9    God:    Gozag
Gold:   530        SH: 19    Dex: 15    Spells: 0 memorised, 9 levels left

rFire  . . .     SeeInvis +     b - +4 battleaxe (freeze) (curse)
rCold  . . .     Clarity  .     K - +7 scale mail of Forking Paths {rPois} (curse)
rNeg   . . .     SustAb   .     v - +0 large shield (curse)
rPois  +         Gourm    .     (helmet unavailable)
rElec  .         Spirit   .     z - +0 cloak (curse)
rCorr  .         Warding  .     (no gloves)
rMut   .         Stasis   +     l - +1 pair of boots (curse)
MR     +....                    B - amulet of faith (curse)
Stlth  +.........               (no ring)
                                q - ring of poison resistance (curse)

@: mighty, agile, somewhat resistant to hostile enchantments, very unstealthy
A: permanent stasis, dig shafts and tunnels, four strong arms, antennae 3
a: Dig, Shaft Self, Potion Petition, Call Merchant, Bribe Branch, Renounce
Religion


You were on level 11 of the Dungeon.
You worshipped Gozag.
Gozag was noncommittal.
You were not hungry.

You visited 2 branches of the dungeon, and saw 10 of its levels.
You also visited: Ossuary.

You collected 776 gold pieces.
You paid 246 gold pieces to Gozag.

Inventory:

Hand weapons
 b - a cursed +4 battleaxe of freezing (weapon)
Armour
 c - a cursed +0 shield
 l - a cursed +1 pair of boots (worn)
 v - a cursed +0 large shield (worn)
 z - a cursed +0 cloak (worn)
 K - the cursed +7 scale mail of Forking Paths (worn) {rPois}
   (You found it on level 6 of the Dungeon)

   It protects you from poison.
   It has a curse placed upon it.
Jewellery
 q - a cursed ring of poison resistance (left hand)
 B - a cursed amulet of faith (around neck)
Scrolls
 g - 4 scrolls of identify
 i - 2 scrolls of enchant armour
 k - a scroll of fear
 p - a scroll of fog
 r - 3 scrolls of amnesia
 s - 2 scrolls of random uselessness
 y - a scroll of magic mapping {unknown}
 D - 3 scrolls of remove curse
Potions
 d - a potion of might
 h - 2 potions of agility
 m - a potion of lignification
 w - a potion of curing
 x - 3 potions of poison
Books
 j - a book of Frost

   Spells                             Type                      Level
   a - Freeze                         Ice                          1
   b - Throw Frost                    Conjuration/Ice              2
   c - Ozocubu's Armour               Charms/Ice                   3
   d - Throw Icicle                   Conjuration/Ice              4
   e - Summon Ice Beast               Ice/Summoning                4
   f - Condensation Shield            Ice                          4
 n - a book of Fire

   Spells                             Type                      Level
   a - Ignite Poison                  Fire/Transmutation/Poison    3
   b - Fireball                       Conjuration/Fire             5
   c - Bolt of Fire                   Conjuration/Fire             6
   d - Delayed Fireball               Conjuration/Fire             7
   e - Ring of Flames                 Charms/Fire                  7
Comestibles
 e - 4 bread rations
 u - 3 beef jerkies
 H - a meat ration
 J - a slice of pizza


   Skills:
 - Level 3.2 Fighting
 * Level 8.9 Axes
 - Level 3.2 Armour
 + Level 5.4 Dodging
 * Level 10.9 Shields


You had 9 spell levels left.
You didn't know any spells.

Dungeon Overview and Level Annotations

Branches:
Dungeon (11/15)            Temple (1/1) D:5
   Lair: D:8-11         Orc: D:9-12

Altars:
Ashenzari
Cheibriados
Dithmenos
Elyvilon
Fedhas
Gozag
Kikubaaqudgha
Makhleb
Nemelex Xobeh
Okawaru
Qazlal
Ru
Sif Muna
Trog
Vehumet
Yredelemnul
Zin
The Shining One
Lugonu

Annotations:
D:11 Snorg


Innate Abilities, Weirdness & Mutations

You are under a permanent stasis effect.
You can dig through walls and to a lower floor.
Your four strong arms can wield two-handed weapons with a shield.
You have a pair of large antennae on your head (SInv).


Message History

You take 14 damage, and have 32/70 hp.
You slash Snorg! You freeze Snorg. Snorg bites you.
* * * LOW HITPOINT WARNING * * *
You block Snorg's attack. Snorg misses you. You block Snorg's attack.
Snorg claws you!
* * * LOW HITPOINT WARNING * * *
You block Snorg's attack.
A jackal comes into view.
The jackal barks!
You hit Snorg. You freeze Snorg. You slash the jackal! You freeze the jackal.
You kill the jackal!
Snorg bites you!
* * * LOW HITPOINT WARNING * * *
You block Snorg's attack. Snorg closely misses you.
The jackal is distracted by the nearby gold.
Snorg bites you.
* * * LOW HITPOINT WARNING * * *
Snorg misses you. Snorg claws you!
You die...
Your body crumbles into a pile of gold.

.......
.............
........h......
................
#............#
+............#
#............#
#......$.....#
#......@T$...#
#..#'#####...# #
#.....#...#
#.....#...#
#.....#...#
#.....#....
#....(#.....
##....#....
#....##


You could see Snorg (berserk) and a jackal (unaware).

Vanquished Creatures
  Joseph (D:7)
  A queen bee (D:8)
  Sigmund (D:3)
  An orc warrior (D:6)
  2 sky beasts
  2 phantoms
  A centaur (D:5)
  2 giant frogs (D:6)
  7 killer bees (D:8)
  3 wights (D:6)
  A scorpion (D:7)
  A goliath beetle (D:8)
  5 crimson imps
  A centaur zombie (D:7)
  3 hounds
  A giant frog zombie (D:5)
  A jelly (D:6)
  Crazy Yiuf (D:3)
  2 iguanas
  3 orc priests
  3 orc wizards
  Natasha (thrice) (D:3)
  5 worker ants
  2 big kobold zombies (Ossuary)
  A killer bee zombie (D:6)
  8 mummies (Ossuary)
  A worker ant zombie (D:5)
  6 gnolls
  21 adders
  A white imp (D:3)
  A shadow imp (D:5)
  5 giant geckos
  15 orcs
  2 ball pythons
  A bat zombie (D:5)
  4 giant cockroaches
  A gnoll zombie (Ossuary)
  16 goblins
  21 hobgoblins
  14 jackals
  2 quokkas
  20 bats
  A giant gecko zombie (D:5)
  3 giant newts
  A hobgoblin zombie (Ossuary)
  17 kobolds
  2 kobold zombies (Ossuary)
  2 orc zombies (Ossuary)
  A quokka zombie (D:8)
  14 rats
  A ballistomycete (D:7)
235 creatures vanquished.

Vanquished Creatures (others)
  A giant spore (D:7)
1 creature vanquished.

Grand Total: 236 creatures vanquished

Notes
Turn   | Place    | Note
--------------------------------------------------------------
     0 | D:1      | hornqvist, the Formicid Fighter, began the quest for the Orb.
     0 | D:1      | Reached XP level 1. HP: 18/18 MP: 1/1
    49 | D:1      | Reached XP level 2. HP: 18/24 MP: 2/2
   294 | D:1      | Reached skill level 4 in Shields
   318 | D:1      | Reached skill level 1 in Dodging
   363 | D:1      | Reached XP level 3. HP: 25/29 MP: 3/3
   661 | D:1      | Reached XP level 4. HP: 35/35 MP: 4/4
   941 | D:2      | Found a burning altar of Makhleb.
   993 | D:2      | Found a sacrificial altar of Ru.
   999 | D:2      | Reached skill level 5 in Shields
   999 | D:2      | Reached XP level 5. HP: 41/41 MP: 5/5
  1101 | D:2      | Found a glowing silver altar of Zin.
  1388 | D:3      | Noticed Sigmund
  1409 | D:3      | Killed Sigmund
  1409 | D:3      | Reached XP level 6. HP: 22/47 MP: 6/6
  1417 | D:3      | Noticed Natasha
  1429 | D:3      | Killed Natasha
  1429 | D:3      | Reached skill level 6 in Shields
  1519 | D:3      | Noticed Natasha
  1525 | D:3      | Killed Natasha
  1648 | D:3      | Noticed Natasha
  1658 | D:3      | Killed Natasha
  1681 | D:3      | Reached XP level 7. HP: 52/52 MP: 7/7
  1887 | D:3      | Noticed Crazy Yiuf
  1899 | D:3      | Killed Crazy Yiuf
  2327 | D:4      | Reached skill level 5 in Axes
  3002 | D:4      | Reached skill level 7 in Shields
  3034 | D:5      | Entered Level 5 of the Dungeon
  3168 | D:5      | Reached XP level 8. HP: 55/58 MP: 8/8
  3269 | D:5      | Found a shadowy altar of Dithmenos.
  3381 | D:5      | Found an iron altar of Okawaru.
  3576 | D:5      | Reached skill level 8 in Shields
  3577 | D:5      | Found a staircase to the Ecumenical Temple.
  3737 | Temple   | Entered the Ecumenical Temple
  4063 | D:6      | Found a shattered altar of Ashenzari.
  4145 | D:6      | Reached XP level 9. HP: 55/64 MP: 9/9
  4185 | D:6      | Got a garnet-encrusted scale mail
  4196 | D:6      | Identified the +7 scale mail of Forking Paths {rPois} (You found it on level 6 of the Dungeon)
  4440 | D:6      | Found a blossoming altar of Fedhas.
  4446 | D:6      | Reached skill level 9 in Shields
  4768 | D:7      | Noticed Joseph
  4778 | D:7      | Killed Joseph
  5201 | D:7      | Found a sand-covered staircase.
  5209 | Ossuary  | Entered an ossuary
  5223 | Ossuary  | Reached skill level 10 in Shields
  5536 | D:7      | Found a basalt altar of Yredelemnul.
  5925 | D:8      | Found an opulent altar of Gozag.
  5930 | D:8      | Became a worshipper of Gozag Ym Sagoz the Greedy
  5964 | D:8      | Reached skill level 5 in Dodging
  6044 | D:8      | Found a snail-covered altar of Cheibriados.
  6261 | D:8      | Found a sparkling altar of Nemelex Xobeh.
  6289 | D:8      | Reached XP level 10. HP: 64/70 MP: 10/10
  6290 | D:8      | Noticed a queen bee
  6319 | D:8      | Killed a queen bee
  6339 | D:8      | You fall through a shaft for 3 floors!
  6553 | D:11     | Noticed Snorg
  6563 | D:11     | HP: 3/70 [Snorg (1)]
  6563 | D:11     | Mangled by Snorg

Action                   |  1- 3 |  4- 6 |  7- 9 | 10-12 || total
-------------------------+-------+-------+-------+-------++-------
Melee: War axe           |    88 |    98 |   306 |       ||   492
       Hand axe          |       |       |     4 |       ||     4
       Battleaxe         |       |       |   164 |    40 ||   204
Invok: Potion Petition   |       |       |     1 |       ||     1
 Abil: Dig               |       |       |     2 |       ||     2
       Shaft Self        |       |       |       |     1 ||     1
  Use: Scroll            |       |     2 |     9 |     1 ||    12
       Potion            |       |       |    10 |     8 ||    18
  Eat: Chunk             |       |     3 |    13 |       ||    16
       Fruit             |       |       |     2 |     3 ||     5
